 Dungeon Crawl Stone Soup version 0.30.1-11-g7821555f0a (webtiles) character file.

Game seed: 6339072136838958367

19652 kapitanyg the Shatterer (level 12, 0/90 HPs)
             Began as a Minotaur Berserker on Oct 27, 2023.
             Was an Elder of Trog.
             Slain by a brown ugly thing (7 damage)
             ... on level 15 of the Dungeon.
             The game lasted 00:58:16 (12725 turns).

kapitanyg the Shatterer (Minotaur Berserker)       Turns: 12725, Time: 00:58:18

Health: 0/90       AC:  5    Str: 23    XL:     12   Next: 38%
Magic:  0/11       EV: 14    Int:  4    God:    Trog [****..]
Gold:   31         SH:  0    Dex: 20    Spells: 11/11 levels left

rFire   + . .        d - +8 morningstar (protect)
rCold   . . .        (no shield)
rNeg    . . .        i - +2 chain mail
rPois   .            (helmet restricted)
rElec   .            (no cloak)
rCorr   .            (no gloves)
SInv    .            (no boots)
Will    .....        k - amulet of guardian spirit Stlth
                     h - +6 ring of dexterity
HPRegen 0.35/turn    m - +5 ring of evasion
MPRegen 0.12/turn

%: guardian spirit
@: confused, ambrosia-drunk, corroded, under a protective aura
A: horns 2, retaliatory headbutt, camouflage 1, fire resistance 1, wild magic 1,
MP-powered wands
a: Renounce Religion, Berserk, Trog's Hand, Brothers in Arms


You were on level 15 of the Dungeon.
You worshipped Trog.
Trog was greatly pleased with you.
You visited 1 branch of the dungeon, and saw 13 of its levels.

You collected 571 gold pieces.
You spent 540 gold pieces at shops.

Inventory:

Hand Weapons
 d - a +8 morningstar of protection (weapon)
 p - a +5 flail
Armour
 i - a +2 chain mail (worn)
Jewellery
 f - a ring of magical power
 h - a +6 ring of dexterity (left hand)
 k - an amulet of guardian spirit (around neck)
 m - a +5 ring of evasion (right hand)
Wands
 g - a wand of charming (12)
 j - a wand of roots (5)
 l - a wand of mindburst (15)
 q - a wand of flame (15)
 v - a wand of polymorph (4)
Scrolls
 a - a scroll of poison
 e - 2 scrolls of noise
 n - 5 scrolls of identify
 o - a scroll of magic mapping
 r - 2 scrolls of silence
 s - 2 scrolls of enchant weapon
 t - a scroll of teleportation
Potions
 b - 3 potions of flight
 c - a potion of cancellation
 u - a potion of ambrosia


   Skills:
 - Level 3.6 Fighting
 + Level 23.5 Maces & Flails
 - Level 2.4 Armour
 - Level 2.1 Dodging


You had 11 spell levels left.
You didn't know any spells.
Your spell library was empty.

Dungeon Overview and Level Annotations

Branches:
Dungeon (12/15)            Temple (0/1) D:5            Lair (0/5) D:8
    Orc (0/2) D:12         Depths (0/4) D:15

Altars:
Kikubaaqudgha
Nemelex Xobeh
Okawaru
Ru
Trog
Uskayaw
Vehumet

Shops:
D:6 :   D:9 :   D:11 =

Annotations:
D:4 2 transporters, wer000g's ghost, amateur FoFi
D:10 2 runed translucent doors, Hyperion's ghost, journeyman VSIE


Innate Abilities, Weirdness & Mutations

You have a pair of horns on your head.
You reflexively headbutt those who attack you in melee.
Your skin changes colour to match your surroundings (Stealth+).
Your flesh is heat resistant. (rF+)
Your spells are a little harder to cast, but a little more powerful.
You expend magic power (3 MP) to strengthen your wands.


Message History

Trog accepts your kill. The brown ugly thing trunk-slaps you!
The acid corrodes you!
You are splashed with acid!
You thump the brown ugly thing!
Your headbutt misses the brown ugly thing.
The brown ugly thing is moderately wounded.
You barely miss the brown ugly thing.
The brown ugly thing is moderately wounded.
You bludgeon the brown ugly thing!! You headbutt the brown ugly thing.
The brown ugly thing is severely wounded.
The brown ugly thing trunk-slaps you!
You are splashed with acid!
The brown ugly thing engulfs you.
You are splashed with acid.
* * * LOW HITPOINT WARNING * * *
You closely miss the brown ugly thing.
Your headbutt misses the brown ugly thing.
The brown ugly thing is severely wounded.
The brown ugly thing closely misses you.
The brown ugly thing barely misses you. You furiously retaliate!
You headbutt the brown ugly thing. You hit the brown ugly thing.
The brown ugly thing is severely wounded.
The brown ugly thing barely misses you.
You hit the brown ugly thing but do no damage.
The brown ugly thing is severely wounded.
The brown ugly thing completely misses you.
You are confused.
You feel invigorated.
The brown ugly thing trunk-slaps you but does no damage.
The brown ugly thing engulfs you!
* * * LOW HITPOINT WARNING * * *
You are splashed with acid!
* * * LOW HITPOINT WARNING * * *
You closely miss the brown ugly thing.
The brown ugly thing is severely wounded.
The brown ugly thing trunk-slaps you.
* * * LOW HITPOINT WARNING * * *
You are splashed with acid!
* * * LOW HITPOINT WARNING * * *
The brown ugly thing engulfs you!
You die...

#...#........ .
#...#........ u.
#.###........ ..u ##+####
##+###... .... #... #...
..... #.. #...
......#####.#######+####...
#...?..##.#.............#
#......u@.#.............#
#......#u....8..8.......#
#......8...........)....#
#####.........).8..#+##..
#.8.....P.........+..
#..8..............#..
#.......P.........#..
#.....PP>P...8....#..
###..8P8....P.8P.#.##..


You could see 2 ugly things.

Vanquished Creatures
  5 two-headed ogres
  A boulder beetle (D:11)
  A skeletal warrior (D:15)
  A flayed ghost (D:15)
  A necromancer (D:15)
  Pikel (D:5)
  3 manticores
  4 ugly things (D:15)
  Joseph (D:8)
  2 gargoyles
  Maggie (D:8)
  An unseen horror (D:12)
  2 trolls
  A guardian mummy (D:15)
  2 hornets (D:9)
  Grinder (D:4)
  A shadow (D:11)
  2 wraiths (D:11)
  2 wyverns
  22 yaks
  A basilisk (D:9)
  A human zombie (D:15)
  2 water moccasins (D:7)
  An acid dragon (D:11)
  A two-headed ogre zombie (D:12)
  Duvessa (D:6)
  A glowing shapeshifter skeleton (D:15)
  2 tengu skeletons (D:15)
  2 orc warriors
  A sky beast (D:8)
  3 black bears
  2 ice beasts
  2 ogres
  3 phantoms
  6 centaurs
  A lemure (D:5)
  2 kobold brigands
  2 bullfrogs
  Blork the orc (D:4)
  3 scorpions
  4 wights (D:10)
  A troll zombie (D:12)
  Dowan (D:6)
  6 killer bees (D:10)
  4 hounds
  3 jellies
  A gnoll bouda (D:8)
  2 orc priests
  2 sleepcaps (D:6)
  Natasha (D:4)
  4 iguanas
  6 orc wizards
  An ogre zombie (D:12)
  7 adders
  16 gnolls
  A white imp (D:7)
  An ufetubus (D:6)
  A worm (D:4)
  A dart slug (D:4)
  23 orcs
  An endoplasm (D:4)
  4 giant cockroaches
  5 goblins
  7 hobgoblins
  4 jackals (D:1)
  15 kobolds
  A ball python (D:4)
  3 bats
  2 frilled lizards
  3 goblin zombies (D:12)
  2 hobgoblin zombies (D:12)
  An orc skeleton (D:12)
  9 orc zombies (D:12)
  3 rats
239 creatures vanquished.

Vanquished Creatures (others)
  An orc (D:8)
1 creature vanquished.

Grand Total: 240 creatures vanquished

Notes
Turn   | Place    | Note
-------+----------+-------------------------------------------
     0 | D:1      | kapitanyg the Minotaur Berserker began the quest for the
                  | Orb.
     0 | D:1      | Reached XP level 1. HP: 19/19 MP: 0/0
   177 | D:1      | Reached skill level 4 in Maces & Flails
   288 | D:1      | Reached XP level 2. HP: 26/26 MP: 1/1
   550 | D:1      | Reached skill level 5 in Maces & Flails
   743 | D:1      | Reached XP level 3. HP: 30/31 MP: 2/2
  1246 | D:2      | Reached ** piety under Trog
  1263 | D:2      | Reached skill level 6 in Maces & Flails
  1263 | D:2      | Reached XP level 4. HP: 21/39 MP: 3/3
  1857 | D:2      | Found a faded altar of an unknown god.
  2040 | D:3      | Reached XP level 5. HP: 42/45 MP: 4/4
  2056 | D:3      | Noticed Grinder
  2064 | D:3      | Paralysed by Grinder for 3 turns
  2080 | D:4      | Killed Grinder
  2081 | D:4      | Reached skill level 8 in Maces & Flails
  2081 | D:4      | Reached XP level 6. HP: 51/51 MP: 5/5
  2132 | D:4      | Noticed Natasha
  2138 | D:4      | Killed Natasha
  2232 | D:4      | Found a transporter.
  2251 | D:4      | Reached skill level 9 in Maces & Flails
  2853 | D:4      | Found a transporter.
  2946 | D:4      | Noticed wer000g's ghost (amateur FoFi)
  3018 | D:4      | Noticed Blork the orc
  3029 | D:4      | Killed Blork the orc
  3030 | D:4      | Reached XP level 7. HP: 51/57 MP: 6/6
  3363 | D:5      | Entered Level 5 of the Dungeon
  3395 | D:5      | Reached skill level 10 in Maces & Flails
  3429 | D:5      | Reached skill level 11 in Maces & Flails
  3522 | D:5      | Identified a scroll of acquirement
  3522 | D:5      | Acquired a +6 morningstar of protection
  3812 | D:5      | Noticed Pikel
  3830 | D:5      | Killed Pikel
  3831 | D:5      | Reached skill level 12 in Maces & Flails
  3831 | D:5      | Reached XP level 8. HP: 64/64 MP: 7/7
  3857 | D:5      | Reached skill level 13 in Maces & Flails
  3942 | D:5      | Found a sparkling altar of Nemelex Xobeh.
  4104 | D:5      | Found a staircase to the Ecumenical Temple.
  4222 | D:5      | Found an ancient bone altar of Kikubaaqudgha.
  4610 | D:6      | Reached skill level 14 in Maces & Flails
  4623 | D:6      | Found Goli's Book Shop.
  4649 | D:6      | Reached XP level 9. HP: 70/70 MP: 8/8
  4700 | D:6      | Noticed Dowan
  4702 | D:6      | Noticed Duvessa
  4707 | D:6      | Killed Dowan
  4707 | D:6      | Reached *** piety under Trog
  4715 | D:6      | Killed Duvessa
  5149 | D:6      | Found an iron altar of Okawaru.
  5180 | D:6      | Found a bloodstained altar of Trog.
  5307 | D:6      | Reached skill level 15 in Maces & Flails
  5332 | D:6      | Gained mutation: You have an increased reservoir of magic.
                  | (+10% MP) [potion of mutation]
  5332 | D:6      | Gained mutation: You expend magic power (3 MP) to
                  | strengthen your wands. [potion of mutation]
  6255 | D:7      | Reached skill level 16 in Maces & Flails
  6851 | D:8      | Noticed a manticore
  6931 | D:8      | Reached skill level 17 in Maces & Flails
  7136 | D:8      | Reached XP level 10. HP: 73/77 MP: 10/10
  7245 | D:8      | Killed a manticore
  7530 | D:8      | Lost mutation: You have an increased reservoir of magic.
                  | (+10% MP) [potion of mutation]
  7530 | D:8      | Lost mutation: You expend magic power (3 MP) to strengthen
                  | your wands. [potion of mutation]
  7530 | D:8      | Gained mutation: You have sharp toenails. [potion of
                  | mutation]
  7530 | D:8      | Gained mutation: Your magical capacity is low. (-10% MP)
                  | [potion of mutation]
  7530 | D:8      | Gained mutation: Your skin changes colour to match your
                  | surroundings (Stealth+). [potion of mutation]
  7568 | D:8      | Noticed Maggie
  7573 | D:8      | Killed Maggie
  7574 | D:8      | Reached skill level 18 in Maces & Flails
  7669 | D:8      | Found a sacrificial altar of Ru.
  7733 | D:8      | Noticed Joseph
  7745 | D:8      | Killed Joseph
  7792 | D:8      | Found a hide-covered altar of Uskayaw.
  7835 | D:8      | Reached **** piety under Trog
  8076 | D:8      | Found a radiant altar of Vehumet.
  8100 | D:8      | Found a staircase to the Lair.
  8305 | D:9      | Noticed a two-headed ogre
  8310 | D:9      | Killed a two-headed ogre
  8311 | D:9      | Reached skill level 19 in Maces & Flails
  8372 | D:9      | Paralysed by a hornet for 3 turns
  8582 | D:9      | Found Xiajuer's Tremendous Tomes.
  8638 | D:9      | Lost mutation: You have sharp toenails. [potion of
                  | mutation]
  8638 | D:9      | Lost mutation: Your magical capacity is low. (-10% MP)
                  | [potion of mutation]
  8638 | D:9      | Gained mutation: Your flesh is heat resistant. (rF+)
                  | [potion of mutation]
  8638 | D:9      | Gained mutation: Your spells are a little harder to cast,
                  | but a little more powerful. [potion of mutation]
  8638 | D:9      | Gained mutation: You expend magic power (3 MP) to
                  | strengthen your wands. [potion of mutation]
  8780 | D:9      | Noticed a two-headed ogre
  8786 | D:9      | Killed a two-headed ogre
  8974 | D:9      | Noticed a two-headed ogre
  8979 | D:9      | Reached XP level 11. HP: 63/82 MP: 10/10
  8994 | D:9      | Killed a two-headed ogre
  8995 | D:9      | Reached skill level 20 in Maces & Flails
  9399 | D:10     | Entered Level 10 of the Dungeon
  9399 | D:10     | Noticed a necromancer
  9399 | D:10     | Noticed a yaktaur captain
  9399 | D:10     | Found a runed translucent door.
  9399 | D:10     | Found a runed translucent door.
  9428 | D:10     | Noticed a boulder beetle
  9428 | D:10     | Noticed a skeletal warrior
  9429 | D:10     | Noticed a brown very ugly thing
  9430 | D:10     | Noticed a lich
  9432 | D:10     | Noticed Hyperion's ghost (journeyman VSIE)
  9640 | D:10     | Noticed a two-headed ogre
  9722 | D:10     | Identified the +5 falchion of Wyitwida {flame, *Slow Str+6
                  | SInv Stlth+}
  9726 | D:10     | Killed a two-headed ogre
  9824 | D:10     | Reached skill level 21 in Maces & Flails
 10020 | D:10     | Noticed a two-headed ogre
 10029 | D:10     | Killed a two-headed ogre
 10627 | D:11     | Identified the +9 war axe of Xueleof {distort, rF+ Will-
                  | Str+5 Dex+3}
 10932 | D:11     | Noticed a boulder beetle
 10945 | D:11     | Killed a boulder beetle
 11068 | D:11     | Found Foepp's Jewellery Shoppe.
 11070 | D:11     | Identified the +4 hand axe "Daelij" {venom, rElec rPois}
 11077 | D:11     | Bought a +6 ring of dexterity for 540 gold pieces
 11390 | D:12     | Found a staircase to the Orcish Mines.
 11509 | D:11     | Reached skill level 22 in Maces & Flails
 12165 | D:12     | Reached XP level 12. HP: 58/90 MP: 0/11
 12201 | D:12     | You fall into a shaft and drop 3 floors!
 12201 | D:15     | Entered Level 15 of the Dungeon
 12301 | D:15     | Found a staircase to the Depths.
 12457 | D:15     | Reached skill level 23 in Maces & Flails
 12725 | D:15     | Slain by a brown ugly thing

Illustrated notes

Levels and vault maps discovered:
D:1:      dpeg_arrival_morbid_curiosity, layout_loops_ring
D:2:      layout_basic, shapermc_ecumenical_altar_mp_urbaneastern,
          nicolae_grassy_gnolls
D:3:      layout_basic, serial_forest, infiniplex_forest_3_way,
          infiniplex_forest_straight_4, infiniplex_forest_straight_2,
          infiniplex_forest_lined_3, uniq_grinder, uniq_crazy_yiuf_cottage
D:4:      layout_loops_corners, gammafunk_ghost_gnarly_gnolls,
          uniq_blork_the_orc, uniq_natasha
D:5:      layout_cave_pools, mainiacjoe_overflow_small_starburst,
          lemuel_crystal_altar, lemuel_temple_firewalk_b,
          nicolae_kite_square_tiling_tiny, serial_bayou_pond_c, uniq_pikel
D:6:      layout_gridville, mainiacjoe_overflow_concentric_impassable,
          bloody_trog, serial_shops, shop, uniq_duvessa
D:7:      layout_cave_pods, item_on_display_a
D:8:      layout_rooms, mainiacjoe_overflow_alcove_4,
          nicolae_ru_sacrificial_ziggurat, nicolae_overflow_hidden_temple,
          lair_entry_dummy, nicolae_eternal_life, corexii_leaking_fountain,
          uniq_joseph, uniq_maggie
D:9:      layout_loops_ring, nicolae_shop_i_like_big_books,
          hangedman_minor_gate_pass
D:10:     layout_long_grid, muffindrake_ghost_dual_entry
D:11:     layout_irregular_city, serial_shops, nicolae_square_shop
D:12:     layout_rooms, zombieorc2_lemuel, minmay_misc_feat_more_columns,
          einodemon_barbed_minivault
D:15:     gammafunk_depths_entry_grave, layout_gridville

Skill      XL: |  1  2  3  4  5  6  7  8  9 10 11 12 |
---------------+-------------------------------------+-----
Maces & Flails | 4 5 6 8 9 12 14 17 19 22 23 | 23.5
Fighting       | |  3.6
Armour         | |  2.4
Dodging        | |  2.1

Action                     |  1- 3 |  4- 6 |  7- 9 | 10-12 || total
---------------------------+-------+-------+-------+-------++-------
  Melee: Mace              |    68 |   127 |       |       ||   195
         Headbutt          |    11 |    25 |    41 |    75 ||   152
         Punch             |     1 |       |       |     3 ||     4
         Flail             |       |       |    22 |       ||    22
         Morningstar       |       |       |   185 |   335 ||   520
         Kick              |       |       |       |    10 ||    10
 Invoke: Berserk           |     1 |     3 |     2 |     5 ||    11
         Trog's Hand       |       |     1 |     1 |       ||     2
  Evoke: Wand              |       |       |       |    10 ||    10
    Use: Potion            |     3 |     1 |    16 |     9 ||    29
         Scroll            |       |       |    12 |     8 ||    20
 Armour: Leather armour    |    17 |       |       |       ||    17
         Chain mail        |       |    38 |   122 |   139 ||   299
  Dodge: Dodged            |    53 |    42 |   111 |   189 ||   395
